 Dungeon Crawl Stone Soup version 0.31-a0-202-g547052bce9 (webtiles) character file.

Game seed: 12507952868336886768

545 qw the Skirmisher (level 7, -24/40 HPs)
             Began as a Deep Elf Hunter on June 26, 2023.
             Annihilated by an ogre
             ... wielding a +0 giant club
              (25 damage)
             ... on level 4 of the Dungeon.
             The game lasted 00:01:40 (3219 turns).

qw the Skirmisher (Deep Elf Hunter)                 Turns: 3219, Time: 00:01:41

Health: -24/40     AC:  6    Str: 10    XL:     7   Next: 6%
Magic:  9/9        EV: 11    Int: 14    God:
Gold:   236        SH:  0    Dex: 18    Spells: 6/6 levels left

rFire   + . .        Y - +3 shortbow
rCold   . . .        (shield currently unavailable)
rNeg    . . .        e - +0 ring mail
rPois   .            j - +0 helmet
rElec   .            (no cloak)
rCorr   .            (no gloves)
SInv    .            (no boots)
Will    +....        (no amulet)
Stlth   +            d - ring of protection from fire
HPRegen 0.26/turn    a - ring of willpower
MPRegen 0.11/turn

%: no passive effects
@: about to teleport
A: no striking features
a: no special abilities


You were on level 4 of the Dungeon.
You visited 1 branch of the dungeon, and saw 5 of its levels.
You also visited: Sewer.

You collected 236 gold pieces.


   Skills:
 - Level 2.0 Fighting
 - Level 10.6 Ranged Weapons
 + Level 0.1 Armour
 - Level 3.5 Dodging
 - Level 1.2 Stealth


You had 6 spell levels left.
You didn't know any spells.
Your spell library was empty.

Inventory:

Hand Weapons
 Y - a +3 shortbow (weapon)
Armour
 e - a +0 ring mail (worn)
 j - a +0 helmet (worn)
Jewellery
 a - a ring of willpower (right hand)
 d - a ring of protection from fire (left hand)
Scrolls
 f - 2 scrolls of identify
 h - a scroll of teleportation
Potions
 b - a potion of mutation
 c - a potion of curing
 g - a potion of haste

Dungeon Overview and Level Annotations

Branches:
Dungeon (5/15)              Sewer (visited)
 Temple: D:4-7

Altars:
Cheibriados
Hepliaklqana
Ru
Vehumet


Message History

Found a stone staircase leading down.
There is a stone staircase leading up here.
There are monsters nearby!
Waypoint 5 assigned to D:5.
You shoot an arrow.
The arrow hits the orc but does no damage.
The orc misses you.
You shoot an arrow. The arrow hits the orc.
The orc is almost dead.
The orc hits you with a +0 short sword.
You shoot an arrow. The arrow hits the orc.
You kill the orc!
You shoot an arrow. The arrow hits the orc.
The orc is heavily wounded.
The orc closely misses you. The orc misses you.
You shoot an arrow. The arrow hits the orc!
You kill the orc!
The orc hits you with a +0 club.
You shoot an arrow. The arrow closely misses the ogre.
The ogre hits you with a +0 giant club!!
Ouch! That really hurt!
The orc closely misses you.
3214 ||| STAIRDANCE The orc misses you.
You climb upwards.
There is a stone staircase leading down here.
You shoot an arrow. The arrow hits the ogre.
The ogre is lightly wounded.
The ogre barely misses you. The orc barely misses you.
You shoot an arrow. The arrow hits the ogre!
The ogre is moderately wounded.
The ogre hits you with a +0 giant club! The orc misses you.
3218 ||| READING 2 scrolls of teleportation.
As you read the scroll of teleportation, it crumbles to dust.
You feel strangely unstable. The orc completely misses you.
You shoot an arrow. The arrow hits the ogre!
The ogre is severely wounded.
The ogre hits you with a +0 giant club!!
Ouch! That really hurt!
You die...

######## #.#....# #######
#.#..#.# #.....# #....#.#
#.###.####.#..#.# ####.#
#......#..#.#
#....###..########.#
##.#...........####.####
..<..).........O@#.....######
####...###.....#o#..........#
...#...##......#.#.###.####.#
#..##...)......#.#.# #<# #.#
#.....##'##....#.#.# ### #.#
......#~~~#......#.# #.#
......#~~~#.....!#.# #.#
....#.#~.~#......#.# #.#
......#~~~#........#### #.#


You could see an ogre and an orc.

Vanquished Creatures
  An ogre (D:4)
  2 bullfrogs (Sewer)
  A hound (D:4)
  An iguana (D:4)
  A scorpion zombie (D:3)
  A hound skeleton (D:3)
  9 adders
  An ufetubus (D:4)
  An adder zombie (D:3)
  3 worms (D:2)
  5 dart slugs
  7 orcs
  10 ball pythons
  17 endoplasms
  16 giant cockroaches
  5 goblins
  7 hobgoblins
  6 jackals
  13 quokkas
  A ball python skeleton (D:3)
  A ball python zombie (D:3)
  3 bats
  15 frilled lizards
  A giant cockroach zombie (D:3)
  A jackal skeleton (D:3)
  6 kobolds
  A quokka skeleton (D:3)
  4 rats
140 creatures vanquished.

Notes
Turn   | Place    | Note
-------+----------+-------------------------------------------
     0 | D:1      | qw the Deep Elf Hunter began the quest for the Orb.
     0 | D:1      | Reached XP level 1. HP: 12/12 MP: 3/3
     0 | D:1      | 0 ||| qw: Version: 0.3-a-22-g0ed2b0b
     0 | D:1      | 0 ||| qw: Game counter: 5837
     0 | D:1      | 0 ||| qw: Melee chars always use a shield: true
     0 | D:1      | 0 ||| qw: God list: Okawaru
     0 | D:1      | 0 ||| qw: Allow faded altars: false
     0 | D:1      | 0 ||| qw: Do Orc after clearing Dungeon:15 true
     0 | D:1      | 0 ||| qw: Do second Lair branch before Depths: true
     0 | D:1      | 0 ||| qw: Lair rune preference: random
     0 | D:1      | 0 ||| qw: Goals: Normal
     0 | D:1      | 0 ||| PLANNING D:1-11
    84 | D:1      | Reached XP level 2. HP: 16/16 MP: 4/4
   123 | D:1      | Reached skill level 6 in Ranged Weapons
   278 | D:1      | Reached XP level 3. HP: 20/20 MP: 5/5
   438 | D:1      | 438 ||| UPGRADING to +0 ring mail.
   448 | D:1      | 448 ||| DROPPING +0 leather armour.
   449 | D:1      | 449 ||| READING scroll labelled PIARON DAVVIZE.
   450 | D:1      | 450 ||| READING 2 scrolls labelled OQOMIF ZEFEO.
   451 | D:1      | 451 ||| READING scroll labelled CUYRESA TIKK.
   455 | D:1      | 455 ||| DROPPING scroll of butterflies.
   662 | D:2      | Reached skill level 7 in Ranged Weapons
   765 | D:2      | You fall into a shaft and drop 1 floor!
  1089 | D:2      | Found a radiant altar of Vehumet.
  1332 | D:2      | 1332 ||| UPGRADING to ring of protection from fire.
  1333 | D:2      | 1333 ||| READING scroll labelled JIQIBEWYIMM.
  1334 | D:2      | 1334 ||| READING 2 scrolls of identify.
  1334 | D:2      | 1334 ||| IDENTIFYING purple potion
  1335 | D:2      | 1335 ||| DROPPING potion of brilliance.
  1394 | D:3      | Reached XP level 4. HP: 25/25 MP: 6/6
  1590 | D:3      | Reached skill level 8 in Ranged Weapons
  1655 | D:3      | Reached XP level 5. HP: 22/29 MP: 7/7
  1741 | D:3      | Found a snail-covered altar of Cheibriados.
  1887 | D:3      | 1887 ||| UPGRADING to ring of willpower.
  1888 | D:3      | 1888 ||| READING scroll labelled GEMUJEITRE.
  1889 | D:3      | 1889 ||| DRINKING 2 fizzy green potions.
  1890 | D:3      | 1890 ||| DRINKING 2 blue potions.
  1891 | D:3      | 1891 ||| DRINKING potion of curing.
  1891 | D:3      | 1891 ||| (to cure confusion)
  1892 | D:3      | 1892 ||| DROPPING potion of ambrosia.
  1906 | D:4      | 1906 ||| PLANNING SEWER
  1908 | D:4      | 1908 ||| STAIRDANCE
  1948 | D:4      | Found a glowing drain.
  1953 | D:4      | Noticed an ogre
  1971 | D:4      | Killed an ogre
  1972 | D:4      | Reached skill level 9 in Ranged Weapons
  1975 | D:4      | Reached XP level 6. HP: 27/35 MP: 8/8
  2008 | Sewer    | Entered a sewer
  2056 | Sewer    | 2056 ||| Stepping ~*~*~tactically~*~*~ (water).
  2089 | Sewer    | 2089 ||| Stepping ~*~*~tactically~*~*~ (water).
  2093 | Sewer    | 2093 ||| Stepping ~*~*~tactically~*~*~ (water).
  2097 | Sewer    | 2097 ||| Stepping ~*~*~tactically~*~*~ (water).
  2142 | Sewer    | 2142 ||| Stepping ~*~*~tactically~*~*~ (water).
  2144 | Sewer    | 2144 ||| Stepping ~*~*~tactically~*~*~ (water).
  2170 | Sewer    | 2170 ||| Stepping ~*~*~tactically~*~*~ (water).
  2207 | Sewer    | 2207 ||| Stepping ~*~*~tactically~*~*~ (water).
  2264 | Sewer    | Reached skill level 10 in Ranged Weapons
  2265 | Sewer    | 2265 ||| Stepping ~*~*~tactically~*~*~ (water).
  2305 | Sewer    | 2305 ||| Stepping ~*~*~tactically~*~*~ (water).
  2307 | Sewer    | 2307 ||| Stepping ~*~*~tactically~*~*~ (water).
  2310 | Sewer    | 2310 ||| Stepping ~*~*~tactically~*~*~ (water).
  2317 | Sewer    | 2317 ||| Stepping ~*~*~tactically~*~*~ (water).
  2330 | Sewer    | Reached skill level 3 in Dodging
  2445 | Sewer    | 2445 ||| READING 3 scrolls of identify.
  2445 | Sewer    | 2445 ||| IDENTIFYING yellow potion
  2460 | D:4      | 2460 ||| PLANNING D:1-11
  2502 | D:4      | Reached XP level 7. HP: 15/40 MP: 9/9
  2776 | D:4      | 2776 ||| READING 3 scrolls labelled KAORCH TEOSO.
  2777 | D:4      | 2777 ||| READING 2 scrolls of enchant weapon.
  2777 | D:4      | 2777 ||| ENCHANTING +1 shortbow.
  2778 | D:4      | 2778 ||| READING scroll of enchant weapon.
  2778 | D:4      | 2778 ||| ENCHANTING +2 shortbow.
  2795 | D:4      | Found a sacrificial altar of Ru.
  3024 | D:4      | Found a hazy altar of Hepliaklqana.
  3192 | D:4      | 3192 ||| UPGRADING to +0 helmet.
  3197 | D:4      | 3197 ||| READING 4 scrolls of identify.
  3197 | D:4      | 3197 ||| IDENTIFYING white potion
  3198 | D:4      | 3198 ||| READING 3 scrolls of identify.
  3198 | D:4      | 3198 ||| IDENTIFYING bubbling grey potion
  3199 | D:4      | 3199 ||| DROPPING potion of berserk rage.
  3207 | D:5      | Entered Level 5 of the Dungeon
  3214 | D:5      | 3214 ||| STAIRDANCE
  3217 | D:4      | HP: 1/40 [ogre/+0 giant club (14)]
  3218 | D:4      | 3218 ||| READING 2 scrolls of teleportation.
  3219 | D:4      | Annihilated by an ogre

Levels and vault maps discovered:
D:1:      co_arrival_random_square_maze, layout_rooms
D:2:      layout_loops_ring, basic_altar
D:3:      layout_basic, mainiacjoe_overflow_chevrons, serial_undead,
          serial_undead_e, serial_undead_a, serial_undead_a, serial_undead_a,
          serial_undead_f, serial_undead_c, kennysheep_donut
D:4:      minmay_recursive_quarters, layout_basic,
          nicolae_hepliaklqana_hazy_memory, nicolae_ru_sacrificial_ziggurat,
          gup_sewer_entry_glass
D:5:      layout_loops_cross, nicolae_gozag_seed_capital

Skill      XL: |  1  2  3  4  5  6 |
---------------+-------------------+-----
Ranged Weapons | 6 7 8 9 10 | 10.6
Fighting       | 2 |  2.0
Dodging        | 3 |  3.5
Armour         | |  0.1
Stealth        | |  1.2

Action                     |  1- 3 |  4- 6 |  7- 9 || total
---------------------------+-------+-------+-------++-------
   Fire: Shortbow          |   127 |   256 |    38 ||   421
    Use: Scroll            |     5 |     2 |     6 ||    13
         Potion            |       |     3 |       ||     3
 Armour: Ring mail         |     7 |    54 |       ||    61
  Dodge: Dodged            |    17 |   114 |    16 ||   147

Table legend:
 A = Non-vault XP
 B = Vault XP
 C = Vault XP percentage of total XP
 D = Non-vault monster count
 E = Vault monster count
 F = Vault count percentage of total count
                 A         B        C        D         E       F
            +---------+---------+-------+---------+---------+-------
      Total |     359 |     420 |  53.9 |      77 |      63 |  45.0
            +---------+---------+-------+---------+---------+-------
        D:1 |      43 |       0 |   0.0 |      23 |       0 |   0.0
        D:2 |      38 |       0 |   0.0 |      17 |       0 |   0.0
        D:3 |      73 |      61 |  45.5 |      22 |       8 |  26.7
        D:4 |     199 |      62 |  23.8 |      13 |       8 |  38.1
        D:5 |       6 |       0 |   0.0 |       2 |       0 |   0.0
      Sewer |       0 |     297 | 100.0 |       0 |      47 | 100.0
            +---------+---------+-------+---------+---------+-------
